Map: Waterfall

Players

NXZ

  • Race: Zerg Zerg
  • Spawn Location: 1:00

Raza - Winner!

  • Race: Terran Terran
  • Spawn Location: 7:00

Event: DreamHack SC2 Masters 2022 Atlanta (Online)

VOD

Have the link to the VOD?

Description

Time

  • Played on: Sept. 28, 2022, 5:58 a.m.
  • Length: 22:28

All games in this series

Show
View Real Time Build Order
Export as new Build Order

NXZ Zerg 

Build Orders: Hatch First 

Get SALT Encoding   

  12  0:00  Drone  
  13  0:12  Overlord  
  13  0:16  Drone  
  14  0:31  Drone x2  
  16  0:48  Hatchery  
  15  0:51  Drone  
  15  0:55  Drone  
  17  0:58  Drone  
  18  1:09  Extractor  
  17  1:14  Spawning Pool  
  17  1:17  Drone  
  17  1:20  Drone  
  18  1:27  Drone  
  19  1:38  Drone  
  20  1:49  Drone  
  21  2:01  Queen x2  
  21  2:02  Zergling x4  
  27  2:16  Hatchery  
  27  2:19  Overlord  
  26  2:26  Drone  
  26  2:29  Drone  
  31  2:37  Drone x3  
  31  2:40  Queen  
  33  2:46  Overlord  
  33  2:49  Drone  
  34  2:53  Metabolic Boost  
  34  2:56  Drone  
  35  2:59  Drone  
  35  3:04  Overlord  
  36  3:10  Drone x2  
  38  3:14  Queen  
  38  3:15  Drone  
  38  3:17  Drone  
  42  3:21  Drone x2  
  44  3:29  Drone x3  
  47  3:37  Queen x2  
  47  3:39  Zergling x2  
  52  3:41  Zergling x2  
  52  3:42  Zergling x2  
  52  3:46  Overlord  
  54  3:49  Overlord  
  54  3:51  Drone  
  56  3:55  Drone x2  
  56  3:59  Drone  
  58  4:04  Overlord  
  58  4:05  Drone x4  
  58  4:07  Drone  
  63  4:11  Queen  
  63  4:13  Drone  
  66  4:21  Overlord x2  
  66  4:22  Overlord  
  66  4:29  Drone x2  
  68  4:32  Zergling x2, Baneling Nest  
  68  4:33  Extractor  
  67  4:38  Zergling x2  
  67  4:41  Queen  
  70  4:45  Queen  
  70  4:49  Lair  
  70  4:52  Hatchery  
  71  4:54  Drone x2  
  71  4:55  Spore Crawler  
  71  4:56  Zergling x2  
  71  4:59  Drone x3  
  76  5:05  Drone x3  
  76  5:06  Drone  
  80  5:09  Drone x2  
  80  5:12  Spore Crawler  
  81  5:15  Spore Crawler  
  81  5:17  Hatchery, Evolution Chamber  
  81  5:19  Evolution Chamber  
  77  5:24  Overlord  
  77  5:25  Drone x5  
  77  5:27  Drone  
  83  5:33  Drone x3  
  86  5:38  Extractor  
  86  5:40  Extractor  
  86  5:41  Overlord x2  
  84  5:48  Centrifugal Hooks  
  83  5:55  Drone x11  
  94  5:59  Zerg Melee Weapons Level 1  
  94  6:01  Zergling x4  
  95  6:06  Zergling x2  
  95  6:10  Extractor  
  95  6:12  Hydralisk Den, Overseer  
  95  6:13  Hatchery  
  93  6:21  Drone x5  
  96  6:26  Zerg Ground Armor Level 1  
  96  6:28  Zergling x16  
  104  6:33  Baneling x4  
  104  6:34  Baneling  
  104  6:35  Zergling x6  
  107  6:44  Grooved Spines  
  107  6:45  Hydralisk  
  109  6:48  Hydralisk x2  
  109  6:53  Hydralisk  
  115  6:57  Overlord  
  115  6:59  Hatchery  
  114  7:07  Zergling x2  
  114  7:08  Zergling x22  
  122  7:11  Zergling x2  
  122  7:12  Baneling x9  
  122  7:13  Baneling  
  122  7:20  Zergling x8  
  115  7:23  Zergling x4  
  115  7:27  Baneling x5  
  115  7:29  Zergling x2  
  113  7:30  Zergling x8  
  108  7:39  Zergling x8  
  108  7:41  Hydralisk x3  
  108  7:42  Hydralisk  
  120  7:45  Zergling x10  
  120  7:46  Zergling x2  
  120  7:48  Zergling x2  
  120  7:51  Drone x3  
  126  7:55  Muscular Augments  
  126  7:56  Zergling x2  
  111  8:05  Zergling x6  
  111  8:06  Zergling x2  
  111  8:12  Baneling x12  
  112  8:13  Zergling x18  
  112  8:15  Zergling x4  
  112  8:18  Zergling x6  
  126  8:21  Zergling x2  
  126  8:36  Hatchery  
  126  8:38  Zergling x16  
  126  8:39  Baneling  
  126  8:40  Baneling x5  
  126  8:41  Overseer  
  133  8:43  Zerg Melee Weapons Level 2  
  133  8:46  Zerg Ground Armor Level 2  
  131  8:54  Zergling x16  
  116  9:00  Zergling x10  
  117  9:07  Zergling x10  
  113  9:13  Zergling x20  
  113  9:15  Baneling x3  
  113  9:16  Baneling  
  119  9:17  Zergling x2  
  119  9:19  Pneumatized Carapace  
  120  9:25  Zergling x10  
  125  9:35  Zergling x6, Baneling x9  
  125  9:36  Zergling x4  
  130  9:39  Zergling x2  
  130  9:40  Zergling x2  
  127  9:50  Zergling x12  
  127  9:52  Baneling x9  
  130  9:59  Zergling x2  
  130  10:00  Zergling x20  
  123  10:07  Zergling x10  
  123  10:12  Infestation Pit  
  123  10:13  Drone x2, Extractor  
  126  10:16  Zergling x2  
  126  10:17  Zergling x2  
  128  10:25  Drone x6  
  134  10:28  Zergling x2  
  134  10:29  Zergling x2  
  134  10:31  Baneling x4  
  134  10:33  Drone x2  
  134  10:34  Baneling  
  134  10:35  Baneling x7  
  138  10:43  Drone x2  
  138  10:44  Overlord x2  
  138  10:45  Overlord x3  
  138  10:46  Overseer  
  138  10:48  Overlord  
  138  10:49  Hatchery  
  136  11:21  Zergling x30  
  136  11:22  Zergling x8  
  136  11:25  Drone, Hive  
  146  11:38  Spore Crawler  
  143  11:47  Spore Crawler, Zergling x2  
  143  11:48  Zergling x46  
  143  11:53  Baneling x11  
  166  11:56  Hydralisk x4  
  166  12:00  Zergling x4  
  163  12:14  Hydralisk x6  
  165  12:28  Drone  
  140  12:33  Zergling x32  
  127  12:37  Zergling x6  
  127  12:38  Zergling x2  
  127  12:40  Zergling x2  
  127  12:41  Zergling x2  
  126  12:48  Viper x2  
  126  12:51  Zerg Melee Weapons Level 3  
  128  12:52  Zergling x2  
  128  12:53  Zergling x2  
  121  13:07  Zergling x28  
  121  13:12  Zergling x10  
  132  13:15  Zergling x2  
  132  13:16  Zergling x6  
  134  13:24  Baneling x6  
  134  13:25  Baneling  
  134  13:30  Zerg Ground Armor Level 3  
  134  13:32  Hatchery  
  134  13:34  Drone x2  
  134  13:35  Spore Crawler  
  134  13:36  Zergling x4  
  134  13:38  Zergling x4  
  134  13:39  Zergling x2  
  134  13:40  Baneling x3  
  134  13:41  Baneling x2  
  138  13:53  Drone x3  
  138  13:54  Drone x3  
  138  13:55  Zergling x16  
  152  13:56  Baneling  
  152  13:57  Baneling x4  
  152  14:02  Adrenal Glands  
  152  14:04  Zergling x2  
  152  14:05  Zergling x6  
  152  14:09  Zergling x8  
  160  14:10  Zergling x2  
  160  14:20  Zergling x20  
  160  14:35  Zergling x32  
  167  14:43  Zergling x18  
  167  14:44  Zergling x2  
  162  14:59  Zergling x12  
  150  15:00  Zergling x8  
  150  15:05  Baneling x11  
  150  15:06  Viper  
  150  15:07  Viper  
  132  15:08  Zergling x4  
  132  15:09  Zergling x16  
  145  15:15  Zergling x2  
  145  15:16  Zergling x14  
  145  15:19  Baneling x3, Hydralisk x2  
  152  15:26  Zergling x8  
  148  15:36  Zergling x12  
  148  15:40  Baneling x7  
  154  15:43  Hatchery  
  153  15:52  Lurker Den  
  153  15:54  Nydus Network  
  150  15:57  Overseer  
  150  16:02  Zergling x26  
  155  16:18  Overseer  
  151  16:33  Zerg Missile Weapons Level 1  
  151  16:35  Hydralisk x2  
  151  16:36  Hydralisk x2  
  151  16:37  Overseer, Overlord x3  
  159  16:54  Lurker  
  159  16:55  Lurker x5  
  159  16:56  Seismic Spines  
  165  17:06  Hydralisk x2  
  165  17:07  Hydralisk x9  
  187  17:09  Hatchery  
  170  17:29  Nydus Canal  
  169  17:32  Zergling x24  
  181  17:37  Overlord x3  
  180  17:53  Adaptive Talons  
  166  18:03  Hatchery  
  142  18:06  Zergling x30  
  142  18:12  Zergling x18  
  161  18:16  Baneling x11  
  161  18:26  Zergling x2  
  161  18:27  Zergling x10  
  146  18:37  Zergling x12  
  116  18:41  Zergling x6  
  116  18:42  Zergling x16  
  116  18:45  Overseer x2  
  119  18:48  Zergling x2  
  119  18:49  Zergling x6  
  122  19:02  Lurker x7  
  129  19:03  Lurker  
  129  19:07  Baneling x3  
  129  19:15  Zergling x4  
  130  19:25  Zergling x14  
  134  19:44  Baneling x4, Hydralisk  
  134  19:45  Hydralisk x2  
  140  19:46  Baneling x3  
  140  19:50  Hatchery  
  126  20:00  Zergling x18  
  126  20:05  Nydus Canal  
  134  20:09  Zergling x8  
  134  20:14  Baneling x4  
  134  20:26  Zergling x2  
  134  20:27  Zergling x8  
  136  20:45  Hatchery  
  134  20:59  Hydralisk x3  
  134  21:03  Zergling x4  
  108  21:16  Zergling x2, Hydralisk x3  
  108  21:17  Zergling x12  
  104  21:21  Zergling x2  
  105  21:29  Lurker x3  
  108  21:33  Zergling x2  
  96  21:41  Zergling x2  
  96  21:42  Zergling x12  
  90  21:52  Baneling x2  
  88  21:58  Zergling x8  
  88  22:01  Zergling x2  
  77  22:11  Zergling x8  
Show
View Real Time Build Order
Export as new Build Order

Raza Terran - Winner!

Build Orders: Liberator Opening, Reaper Expand 

Get SALT Encoding   

  12  0:00  SCV  
  13  0:12  SCV  
  14  0:17  Supply Depot  
  14  0:24  SCV  
  15  0:39  SCV, Barracks  
  16  0:43  Refinery  
  16  0:51  SCV  
  17  1:03  SCV  
  18  1:15  SCV  
  19  1:26  Reaper  
  19  1:27  Orbital Command  
  20  1:40  Command Center  
  20  1:47  Supply Depot  
  20  1:53  SCV  
  21  1:59  Marine  
  22  2:06  SCV  
  23  2:11  Factory  
  23  2:18  SCV  
  23  2:20  Barracks Reactor  
  24  2:30  SCV  
  25  2:40  Command Center  
  25  2:43  SCV  
  26  2:52  Orbital Command  
  26  2:55  SCV  
  27  3:00  Starport  
  27  3:06  Refinery  
  27  3:07  SCV  
  27  3:12  Hellion  
  30  3:17  Hellion  
  32  3:20  SCV  
  32  3:22  SCV  
  34  3:27  Barracks Tech Lab  
  34  3:32  SCV  
  35  3:34  SCV  
  36  3:42  Hellion x2  
  36  3:44  SCV  
  36  3:47  Liberator  
  44  3:49  SCV  
  44  3:53  Orbital Command  
  44  3:55  Marine  
  46  3:56  SCV  
  46  4:01  SCV  
  48  4:04  Hellion  
  48  4:06  Hellion  
  48  4:08  SCV  
  48  4:09  Stimpack  
  53  4:13  SCV  
  54  4:19  SCV  
  54  4:20  Supply Depot, SCV  
  54  4:22  Marine  
  57  4:31  SCV  
  58  4:35  Starport Reactor  
  58  4:36  Barracks  
  58  4:37  Barracks, Factory Tech Lab  
  58  4:40  SCV  
  58  4:43  Orbital Command  
  58  4:44  Marine  
  60  4:47  SCV  
  60  4:48  Engineering Bay  
  60  4:51  Engineering Bay  
  60  4:52  Supply Depot  
  61  4:54  Refinery  
  61  4:56  Refinery  
  61  5:03  Marine  
  61  5:04  SCV x2  
  61  5:05  Siege Tank  
  67  5:10  Supply Depot, SCV  
  68  5:16  SCV x2  
  70  5:23  Starport Reactor  
  70  5:24  SCV  
  70  5:25  Marine  
  70  5:26  Marine x2  
  70  5:28  SCV  
  75  5:29  SCV  
  75  5:30  Terran Infantry Armor Level 1, Terran Infantry Weapons Level 1  
  76  5:36  SCV  
  76  5:40  Supply Depot, SCV, Refinery  
  76  5:41  Supply Depot  
  76  5:42  Supply Depot, Siege Tank  
  81  5:49  SCV  
  81  5:51  Marine x2  
  81  5:53  Combat Shield, Marine  
  81  5:54  Marine  
  85  6:02  SCV x2, Medivac, Marine  
  90  6:09  Medivac, Marine  
  90  6:10  Barracks, SCV  
  94  6:12  Barracks  
  94  6:14  SCV x2  
  96  6:19  Supply Depot  
  96  6:20  Marine x4  
  96  6:22  SCV  
  96  6:24  Siege Tank  
  104  6:26  SCV  
  104  6:30  Bunker, SCV  
  106  6:33  Marine  
  106  6:34  SCV  
  106  6:38  Armory  
  106  6:39  Marine  
  108  6:41  Marine  
  108  6:42  SCV  
  108  6:45  Supply Depot  
  111  6:47  Marine x2  
  111  6:49  Medivac  
  115  6:54  Medivac  
  117  7:04  Marine x2  
  117  7:06  Siege Tank  
  117  7:07  Marine x2  
  117  7:08  Marine x2  
  124  7:19  Medivac  
  125  7:23  Marine  
  125  7:24  Barracks Reactor  
  125  7:25  Barracks Reactor  
  125  7:26  Supply Depot  
  125  7:27  Supply Depot, Marine x2  
  125  7:31  Marine x2  
  125  7:34  Medivac  
  124  7:40  SCV  
  125  7:46  SCV x2, Siege Tank, Marine x3  
  125  7:48  Terran Infantry Weapons Level 2  
  125  7:49  Marine x2  
  125  8:02  Terran Infantry Armor Level 2, Marine x2  
  125  8:04  Terran Vehicle Weapons Level 1, Marine x3  
  124  8:06  Marine  
  124  8:07  Marine  
  124  8:09  Marine x2  
  127  8:16  Command Center  
  127  8:18  Siege Tank  
  127  8:19  Marine  
  130  8:20  Marine  
  130  8:21  Marine  
  130  8:22  Marine x2  
  130  8:24  Supply Depot x2, Marine  
  136  8:28  Marine x2  
  136  8:29  Factory  
  136  8:32  Medivac x2  
  139  8:35  Marine  
  140  8:54  Marine x3  
  140  8:55  Siege Tank  
  129  8:56  Marine x2  
  129  8:57  Marine x2  
  129  9:02  Medivac  
  112  9:11  Marine  
  112  9:12  Marine x2  
  112  9:17  Barracks  
  112  9:19  Barracks x2  
  112  9:21  Marine x5  
  112  9:23  Liberator  
  119  9:24  Factory Tech Lab  
  119  9:25  Supply Depot, SCV x3  
  119  9:29  Marine  
  119  9:31  Marine  
  123  9:32  Liberator  
  123  9:34  Siege Tank, Marine  
  123  9:35  Marine  
  131  9:44  Marine  
  131  9:45  Marine x4  
  129  9:46  Marine  
  129  9:49  Siege Tank, Marine  
  129  9:52  Marine x2  
  134  10:01  Marine  
  134  10:03  Marine x3  
  134  10:06  Siege Tank  
  122  10:07  Marine x2  
  122  10:08  Marauder  
  122  10:10  Marine x2  
  128  10:16  Liberator x2  
  128  10:19  Marine  
  128  10:21  Siege Tank  
  138  10:22  Marine  
  138  10:26  Marine x3  
  142  10:29  Marauder  
  142  10:32  Marine  
  142  10:33  Marine x2  
  147  10:37  Marine  
  147  10:39  SCV  
  147  10:42  Marine  
  150  10:43  Marine  
  150  10:44  Marine  
  150  10:45  Marine  
  150  10:47  Barracks Tech Lab  
  150  10:48  Barracks Tech Lab  
  153  10:50  Marauder, Marine  
  153  10:51  Planetary Fortress  
  153  10:54  Barracks Tech Lab  
  153  10:57  Siege Tank  
  154  11:01  Siege Tank, Marine  
  154  11:03  Marine  
  159  11:04  Marine  
  159  11:05  SCV  
  159  11:06  Marine  
  159  11:09  Marine  
  165  11:12  Marauder  
  165  11:14  Marine  
  165  11:15  Marine  
  165  11:16  Terran Infantry Weapons Level 3  
  164  11:23  Marine x2  
  164  11:24  Marauder x2  
  164  11:25  Marine  
  169  11:27  Marine  
  169  11:29  Siege Tank  
  173  11:36  Marine x2  
  173  11:37  Marauder x2  
  179  11:43  Siege Tank, Marine  
  179  11:44  Marine  
  179  11:45  Marauder  
  179  11:46  Ghost Academy, Marauder  
  188  11:51  Refinery x2  
  188  11:53  Supply Depot  
  188  11:56  Marine  
  188  11:58  Marauder  
  188  12:01  Siege Tank, Marine  
  195  12:05  Marauder  
  189  12:11  Marauder x2, Marine x2  
  189  12:14  Marine  
  189  12:15  Siege Tank  
  199  12:19  Marine  
  200  12:24  Marine  
  200  12:29  Command Center  
  183  12:32  Marine, Ghost  
  183  12:33  Marauder, Marine  
  172  12:37  Marine  
  172  12:38  Marine x2  
  172  12:40  Marine  
  172  12:42  Terran Vehicle Weapons Level 2  
  169  12:45  Ghost  
  169  12:46  Marine x3  
  171  12:51  Marine x2  
  171  12:55  Marauder, Marine  
  159  13:08  Siege Tank  
  159  13:12  Marauder, Marine x2  
  146  13:13  Siege Tank, Marine x2  
  146  13:14  Marauder, Ghost  
  146  13:15  Marine  
  146  13:16  Marauder, Marine  
  146  13:17  Marine  
  146  13:19  Marine  
  161  13:29  Marine  
  161  13:30  Sensor Tower, Marine  
  161  13:31  Marine  
  161  13:32  Personal Cloaking  
  164  13:35  Marine  
  164  13:36  Marauder  
  164  13:37  Marine x2  
  164  13:38  Marauder  
  171  13:47  Siege Tank x2  
  177  13:49  Marine  
  177  13:50  Marauder  
  177  13:52  Marauder, Marine  
  183  13:58  Marine  
  183  13:59  Marauder x2, Marine x2  
  190  14:03  SCV  
  190  14:07  Marine x3  
  190  14:09  Marine  
  195  14:11  Marine  
  196  14:21  Ghost x2  
  200  14:26  Planetary Fortress  
  198  14:41  Marine x2  
  193  14:55  Marine, Ghost  
  193  14:56  Marauder, Marine  
  193  14:57  Marauder, Marine  
  193  14:58  Siege Tank, Marine x2  
  193  14:59  Marauder  
  166  15:02  Medivac x2  
  166  15:03  Marine x2  
  166  15:06  Marine  
  160  15:13  Marine  
  160  15:14  Marine  
  160  15:15  Marine  
  160  15:16  Marine  
  160  15:17  Marauder  
  160  15:18  Marauder  
  160  15:19  Ghost  
  166  15:24  Marauder  
  166  15:27  Marine  
  165  15:30  Siege Tank, Marine x3  
  165  15:31  Marine  
  165  15:32  Liberator x2, SCV x2  
  180  15:37  Nuke  
  180  15:38  Marauder, Marine x3  
  180  15:39  Marauder  
  187  15:45  SCV  
  187  15:46  SCV, Marauder  
  187  15:47  Marine  
  187  15:48  Marine  
  187  15:49  Marauder  
  195  15:52  Terran Infantry Armor Level 3  
  195  15:58  Marine x2  
  195  16:00  Marauder  
  195  16:01  Marine  
  193  16:11  Marine  
  193  16:12  Marauder, Marine  
  193  16:13  Marauder, Marine  
  193  16:16  Refinery x2  
  193  16:18  Command Center  
  200  16:27  Concussive Shells  
  200  16:44  Command Center  
  198  16:47  Marine x2  
  198  16:50  Command Center  
  200  17:00  Terran Vehicle Weapons Level 3  
  200  17:06  Marine  
  197  17:22  Ghost x3  
  177  17:23  Marauder, Marine  
  177  17:24  Siege Tank  
  177  17:26  Siege Tank  
  192  17:30  Marine  
  192  17:33  Command Center  
  192  17:37  Nuke  
  192  17:39  Marine x3  
  195  17:44  Ghost  
  195  17:51  Marauder, Ghost  
  190  17:56  Cyclone, Marauder, Marine  
  192  17:58  Widow Mine  
  186  18:06  Marine  
  186  18:08  Marine x3  
  190  18:13  Marauder x2  
  190  18:15  Marine  
  190  18:18  Marauder  
  190  18:19  Siege Tank  
  184  18:36  Orbital Command, Marine  
  184  18:37  Marauder  
  184  18:39  Marine  
  184  18:40  Marauder  
  137  18:54  SCV x2  
  133  19:07  SCV  
  133  19:15  Marine  
  134  19:23  Ghost  
  134  19:24  Marauder, Marine x2  
  137  19:26  Marine  
  137  19:30  Marine x2  
  137  19:31  Marine x2  
  143  19:39  Marine  
  143  19:40  Marauder  
  146  19:48  Marine x3  
  146  19:49  Marauder  
  151  20:00  Marine  
  151  20:01  Marauder x2, Marine  
  151  20:03  Marine  
  151  20:04  Marine  
  159  20:13  Marine x2  
  159  20:14  Marauder, Marine  
  164  20:16  Marine  
  165  20:27  Planetary Fortress  
  159  20:32  Orbital Command  
  159  20:33  Marauder, Marine  
  160  20:42  Marine  
  160  20:43  Marauder, Marine  
  160  20:48  Marine x2  
  166  20:50  SCV  
  165  20:58  Missile Turret  
  149  21:06  Medivac x2  
  149  21:10  Marine  
  136  21:13  Marine  
  116  21:19  Orbital Command  
  116  21:24  Marine  
  115  21:30  Marine  
  115  21:31  Marine  
  117  21:36  Medivac  
  106  21:42  Marine  
  106  21:52  Marine  
Tags
 
Add a new tag
Caveats
  • Supply blocks, unpowered buildings, or Contaminate may cause inaccurate times.
  • Supply counts are checked every 10 seconds.